 Dungeon Crawl Stone Soup version 0.20-a0-494-gf50ee04 (webtiles) character file.

1183 Jmtri7 the Nimble (level 8, -6/58 HPs)
             Began as a Merfolk Monk on Jan 17, 2017.
             Was a Priest of Dithmenos.
             Mangled by Duvessa
             ... wielding a +3 short sword of venom
              (9 damage)
             ... on level 5 of the Dungeon.
             The game lasted 00:17:29 (6553 turns).

Jmtri7 the Nimble (Merfolk Monk)                    Turns: 6553, Time: 00:17:29

Health: -6/58      AC:  4    Str: 12    XL:     8   Next: 42%
Magic:  8/8        EV: 19    Int:  9    God:    Dithmenos [***...]
Gold:   284        SH:  0    Dex: 18    Spells: 7/7 levels left

rFire    . . .     SeeInvis .   l - +1 dagger (venom)
rCold    . . .     Gourm    .   m - +2 robe {MR+}
rNeg     . . .     Faith    .   (no shield)
rPois    .         Spirit   .   (no helmet)
rElec    .         Reflect  .   (no cloak)
rCorr    .         Harm     .   n - +0 pair of gloves
MR       +....                  (no boots)
Stlth    +++.......             (no amulet)
Regen    0.2/turn               (no ring)
                                (no ring)

@: lethally poisoned (-6 -> -42), wreathed by umbra
A: change form in water, swift swim, stealthy swim, deformed body
a: Shadow Step, Renounce Religion


You were on level 5 of the Dungeon.
You worshipped Dithmenos.
Dithmenos was most pleased with you.
You were not hungry.

You visited 1 branch of the dungeon, and saw 5 of its levels.

You collected 284 gold pieces.

Inventory:

Hand Weapons
 a - a +0 falchion
 l - a +1 dagger of venom (weapon)
Armour
 m - a +2 robe of magic resistance (worn)
 n - a +0 pair of gloves (worn)
Wands
 d - a wand of polymorph (5/24)
 v - a wand of polymorph (9/24)
Scrolls
 e - a scroll of random uselessness {unknown}
 f - 3 scrolls of remove curse
 g - 2 scrolls of amnesia {unknown}
 k - 2 scrolls of magic mapping {unknown}
 p - a scroll of noise {unknown}
 q - 2 scrolls of identify {unknown}
 s - a scroll of teleportation {unknown}
Potions
 i - 2 potions of curing
 u - a potion of agility
Books
 o - a book of Cantrips

   Spells                             Type                      Level
   a - Confusing Touch                Hexes                        1
   b - Animate Skeleton               Necromancy                   1
   c - Summon Small Mammal            Summoning                    1
   d - Apportation                    Translocation                1
 r - a book of Conjurations

   Spells                             Type                      Level
   a - Magic Dart                     Conjuration                  1
   b - Searing Ray                    Conjuration                  2
   c - Dazzling Spray                 Conjuration/Hexes            3
   d - Fulminant Prism                Conjuration/Hexes            4
   e - Iskenderun's Mystic Blast      Conjuration                  4
   f - Iskenderun's Battlesphere      Conjuration/Charms           5
Comestibles
 b - 2 meat rations
 c - 3 bread rations
 h - 2 beef jerkies
 j - 3 fruits
 t - a slice of pizza


   Skills:
 - Level 3.2 Fighting
 + Level 9.0 Long Blades
 - Level 9.0 Dodging
 - Level 2.1 Stealth


You had 7 spell levels left.
You didn't know any spells.

Dungeon Overview and Level Annotations

Branches:
Dungeon (5/15)
 Temple: D:4-7

Altars:
Dithmenos
Gozag
Hepliaklqana
Nemelex Xobeh
Qazlal
Ru
Trog

Annotations:
D:5 Duvessa


Innate Abilities, Weirdness & Mutations

You revert to your normal form in water.
You are very nimble and swift while swimming.
You are very stealthy in the water. (Stealth+)
Armour fits poorly on your strangely shaped body.


Message History

You barely miss Duvessa.
Duvessa is severely wounded.
You feel sick. Duvessa hits you but does no damage.
You are more poisoned.
The crimson imp blinks!
You hit Duvessa.
Duvessa is severely wounded.
You feel sick. Duvessa completely misses you.
You hit Duvessa.
Duvessa looks as sick as possible!
Duvessa is almost dead.
* * * LOW HITPOINT WARNING * * *
You feel very sick.
Duvessa hits you with a short sword of venom!
* * * LOW HITPOINT WARNING * * *
You hit Duvessa.
Duvessa looks as sick as possible!
Duvessa is almost dead.
* * * LOW HITPOINT WARNING * * *
You feel sick.
Duvessa hits you with a short sword of venom!
You die...

...........#...# ..
...........'...#
...........#...+
...........########
######'##..........
... #..........
.... #..........
..... #..........
... #..@...(... ##
#.e........ ...
#.......%.. #..
.5.......... #..
............. ...
(.............. ..
............... ..
............... .


You could see Duvessa (berserk) and a crimson imp.

Vanquished Creatures
  Sigmund (D:5)
  The ghost of Jmtri7 the Slasher, an amateur MfMo (D:3)
  A phantom (D:4)
  A big kobold (D:4)
  Dowan (D:5)
  A scorpion (D:5)
  A hound (D:5)
  3 orc priests (D:5)
  2 bullfrog skeletons
  An orc wizard (D:3)
  A gnoll shaman (D:4)
  2 iguanas (D:5)
  Ijyb (D:3)
  3 worker ants (D:4)
  8 gnolls
  7 adders
  An ooze (D:3)
  4 worms
  2 dart slugs (D:3)
  4 leopard geckos
  9 orcs
  7 giant cockroaches
  9 goblins
  10 hobgoblins
  6 jackals
  10 bats
  A frilled lizard (D:1)
  A jackal skeleton (D:5)
  8 kobolds
  8 rats
115 creatures vanquished.

Notes
Turn   | Place    | Note
-------+----------+-------------------------------------------
     0 | D:1      | Jmtri7 the Merfolk Monk began the quest for the Orb.
     0 | D:1      | Reached XP level 1. HP: 18/18 MP: 1/1
   279 | D:1      | Reached XP level 2. HP: 23/24 MP: 2/2
   463 | D:1      | Reached skill level 5 in Dodging
  1054 | D:2      | Reached XP level 3. HP: 22/29 MP: 3/3
  1079 | D:2      | Found a stormy altar of Qazlal.
  1708 | D:2      | Found a hazy altar of Hepliaklqana.
  1725 | D:2      | Found a shadowy altar of Dithmenos.
  1729 | D:2      | Became a worshipper of Dithmenos the Shadowed
  1729 | D:2      | Reached * piety under Dithmenos
  1729 | D:2      | Reached ** piety under Dithmenos
  1911 | D:3      | Reached XP level 4. HP: 35/35 MP: 4/4
  2545 | D:3      | Noticed Jmtri7's ghost (amateur MfMo)
  2795 | D:3      | Reached XP level 5. HP: 39/41 MP: 5/5
  2918 | D:3      | Killed Jmtri7's ghost
  2918 | D:3      | Reached XP level 6. HP: 12/47 MP: 6/6
  3186 | D:3      | Found a bloodstained altar of Trog.
  3186 | D:3      | Found a faded altar of an unknown god.
  3191 | D:3      | Found a sacrificial altar of Ru.
  3193 | D:3      | Found a faded altar of an unknown god.
  3202 | D:3      | Found a sparkling altar of Nemelex Xobeh.
  3768 | D:3      | Noticed Ijyb
  3788 | D:3      | Killed Ijyb
  3935 | D:4      | Reached *** piety under Dithmenos
  3935 | D:4      | Reached skill level 5 in Long Blades
  3935 | D:4      | Reached XP level 7. HP: 32/52 MP: 7/7
  4156 | D:4      | Gained mutation: You are surrounded by a mild repulsion field. (EV +2) [potion of mutation]
  4156 | D:4      | Lost mutation: You are surrounded by a mild repulsion field. (EV +2) [potion of mutation]
  4156 | D:4      | Gained mutation: Armour fits poorly on your strangely shaped body. [potion of mutation]
  4164 | D:4      | HP: 2/52 [phantom (7)]
  5292 | D:5      | Entered Level 5 of the Dungeon
  5292 | D:5      | Noticed Sigmund
  5670 | D:5      | Killed Sigmund
  5670 | D:5      | Reached XP level 8. HP: 47/58 MP: 8/8
  5865 | D:5      | Found an opulent altar of Gozag.
  6527 | D:5      | Noticed Dowan
  6530 | D:5      | Noticed Duvessa
  6534 | D:5      | Killed Dowan
  6553 | D:5      | Mangled by Duvessa

Vault maps used:
D:1:      minmay_arrival_four_circles
D:2:      lemuel_coloured_pillars_altar, amethyst_overflow_temple_binary,
          first_bread, minmay_misc_feat_cross
D:3:      kennysheep_goblin_castle, chequers_temple_overflow_minitemple,
          minmay_unequal
D:5:      nicolae_overflow_crystal_walls, minmay_holes, minivault_11,
          uniq_sigmund, uniq_duvessa

Skill      XL: |  1  2  3  4  5  6  7  8 |
---------------+-------------------------+-----
Dodging        | 5 6 7 8 9 |  9.0
Long Blades    | 5 7 9 |  9.0
Fighting       | |  3.2
Stealth        | |  2.1

Action                   |  1- 3 |  4- 6 |  7- 9 || total
-------------------------+-------+-------+-------++-------
Melee: Falchion          |    95 |   206 |    66 ||   367
       Dagger            |       |    25 |   199 ||   224
  Use: Scroll            |     2 |       |     1 ||     3
       Potion            |       |     4 |     2 ||     6
 Stab: Sleeping          |     6 |     4 |     3 ||    13
  Eat: Chunk             |     3 |     7 |     9 ||    19
Armor: Robe              |    26 |    22 |    18 ||    66
Dodge: Dodged            |   116 |   239 |   189 ||   544
       Rpst.: Falchion   |    35 |    75 |    15 ||   125
